 Dungeon Crawl Stone Soup version 0.24-a0-507-g3e8b2426 (webtiles) character file.

Game seed: 4692394001000567580

198 DinnerBoy7 the Shield-Bearer (level 6, 0/39 HPs)
             Began as a Formicid Fighter on July 18, 2019.
             Was an Initiate of Makhleb.
             Slain by a phantom (5 damage)
             ... on level 4 of the Dungeon.
             The game lasted 00:08:01 (2742 turns).

DinnerBoy7 the Shield-Bearer (Formicid Fighter)     Turns: 2742, Time: 00:08:01

Health: 0/39       AC: 10    Str: 27    XL:     6   Next: 5%
Magic:  6/6        EV:  8    Int:  8    God:    Makhleb [......]
Gold:   112        SH: 10    Dex: 10    Spells: 5/5 levels left

rFire    . . .     SeeInvis +   a - +0 long sword
rCold    . . .     Gourm    .   c - +0 shield
rNeg     . . .     Faith    .   b - +0 scale mail
rPois    .         Spirit   .   (helmet unavailable)
rElec    .         Reflect  .   (no cloak)
rCorr    .         Harm     .   y - +1 pair of gloves
MR       +....                  n - +0 pair of boots
Stlth    ..........             (no amulet)
HPRegen  0.13/turn              (no ring)
MPRegen  0.10/turn              (no ring)

@: mighty, flying
A: permanent stasis, dig shafts and tunnels, four strong arms, antennae 3, frail
2, magic resistance 1, evolution 1
a: Dig, Shaft Self, Renounce Religion


You were on level 4 of the Dungeon.
You worshipped Makhleb.
Makhleb was noncommittal.
You were not hungry.

You visited 1 branch of the dungeon, and saw 4 of its levels.

You collected 112 gold pieces.

Inventory:

Hand Weapons
 a - a +0 long sword (weapon)
 l - a +1 hand axe of flaming
 u - a -3 hand axe
Armour
 b - a +0 scale mail (worn)
 c - a +0 shield (worn)
 n - a +0 pair of boots (worn)
 t - a +0 pair of gloves
 y - a +1 pair of gloves (worn)
Scrolls
 i - a scroll of remove curse
 j - 7 scrolls of identify {unknown}
 o - a scroll of fog {unknown}
 p - a scroll of fear {unknown}
 v - a scroll of magic mapping
 x - a scroll of blinking {unknown}
 A - a scroll of enchant weapon {unknown}
Potions
 e - a potion of resistance {unknown}
 h - a potion of haste {unknown}
 k - a potion of lignification {unknown}
 m - a potion of invisibility {unknown}
 q - a potion of magic
 r - a potion of brilliance {unknown}
 w - a potion of curing {unknown}
Comestibles
 f - 6 rations


   Skills:
 + Level 4.4 Fighting
 + Level 3.2 Long Blades
 + Level 4.4 Armour
 + Level 4.9 Shields


You had 5 spell levels left.
You didn't know any spells.
Your spell library was empty.

Dungeon Overview and Level Annotations

Branches:
Dungeon (4/15)
 Temple: D:4-7

Altars:
Makhleb
Qazlal
Uskayaw


Innate Abilities, Weirdness & Mutations

You cannot be hasted, slowed, berserked, paralysed or teleported.
You can dig through walls and to a lower floor.
Your four strong arms can wield two-handed weapons with a shield.
You have a pair of large antennae on your head. (SInv)
You are very frail. (-20% HP)
You are resistant to hostile enchantments. (MR+)
You evolve.


Message History

The phantom hits you but does no damage.
You closely miss the phantom.
The phantom is heavily damaged.
The phantom hits you but does no damage.
The phantom blinks!
It was a potion of mutation.
You feel extremely strange.
You feel frail.
You feel nature experimenting on you.
Don't worry, failures die fast.
You feel frail.
You feel resistant to hostile enchantments.
Okay, then.
The phantom is too close now for your liking.
It was a potion of magic.
Magic courses through your body.
You miss the phantom.
The phantom is moderately damaged.
You block the phantom's attack.
You miss the phantom.
The phantom is moderately damaged.
The phantom hits you.
You die...

...###..........#
#......<........#
#.####..........#
. #.....?....##
..#
#............#
....
##........##..
#..####......##
#..)>#W######
####))@# ##[.#
####


You could see a phantom.

Vanquished Creatures
  2 orc wizards (D:4)
  An orc priest (D:4)
  A worker ant (D:3)
  3 adders
  2 oozes
  2 leopard geckos
  8 orcs
  2 giant cockroaches (D:2)
  6 goblins
  2 hobgoblins
  4 kobolds
  A quokka (D:3)
  4 ball pythons
  5 bats
  3 frilled lizards
  3 rats
49 creatures vanquished.

Notes
Turn   | Place    | Note
-------+----------+-------------------------------------------
     0 | D:1      | DinnerBoy7 the Formicid Fighter began the quest for the
                  | Orb.
     0 | D:1      | Reached XP level 1. HP: 18/18 MP: 1/1
    71 | D:1      | Reached XP level 2. HP: 21/24 MP: 2/2
   724 | D:2      | Reached XP level 3. HP: 29/29 MP: 3/3
   749 | D:2      | Found a stormy altar of Qazlal.
   915 | D:2      | Found a burning altar of Makhleb.
  1134 | D:2      | Found a hide-covered altar of Uskayaw.
  1743 | D:2      | Became a worshipper of Makhleb the Destroyer
  1771 | D:3      | Reached XP level 4. HP: 34/37 MP: 4/4
  2535 | D:3      | Reached XP level 5. HP: 42/42 MP: 5/5
  2682 | D:4      | Noticed a phantom
  2731 | D:4      | Reached XP level 6. HP: 9/49 MP: 6/6
  2738 | D:4      | Gained mutation: You are frail. (-10% HP) [potion of
                  | mutation]
  2738 | D:4      | Gained mutation: You evolve. [potion of mutation]
  2738 | D:4      | Gained mutation: You are very frail. (-20% HP) [potion of
                  | mutation]
  2738 | D:4      | Gained mutation: You are resistant to hostile enchantments.
                  | (MR+) [potion of mutation]
  2742 | D:4      | Slain by a phantom

Levels and vault maps discovered:
D:1:      grunt_arrival_lava_bath, layout_loops_ring,
          chequers_serial_rivers_large_b, hex_large,
          hangedman_abyss_or_decor_stabs
D:2:      layout_loops_corners, eat_drink_and_be_merry_uskayaw,
          nicolae_overflow_hidden_temple, first_ration, amethyst_killhole,
          grunt_qazlal_sundering
D:3:      layout_loops_ring
D:4:      layout_rooms, old_standard_altar, minmay_temple_entry_hall

Skill      XL: |  1  2  3  4  5 |
---------------+----------------+-----
Shields        | 4 |  4.9
Armour         | 4 |  4.4
Fighting       | 4 |  4.4
Long Blades    | 3 |  3.2

Action                   |  1- 3 |  4- 6 || total
-------------------------+-------+-------++-------
Melee: Long sword        |    40 |    99 ||   139
       Hand axe          |     8 |       ||     8
 Abil: Dig               |     3 |       ||     3
  Use: Scroll            |       |     2 ||     2
       Potion            |       |     4 ||     4
  Eat: Chunk             |     2 |     2 ||     4
       Ration            |       |     1 ||     1
Armor: Scale mail        |    19 |    56 ||    75
Dodge: Dodged            |    22 |    45 ||    67
Block: Shield            |    25 |    88 ||   113
       Rpst.: Long sword |    10 |    15 ||    25

Table legend:
 A = Non-vault XP
 B = Vault XP
 C = Vault XP percentage of total XP
 D = Non-vault monster count
 E = Vault monster count
 F = Vault count percentage of total count
                 A         B        C        D         E       F
            +---------+---------+-------+---------+---------+-------
      Total |     283 |       0 |   0.0 |      49 |       0 |   0.0
            +---------+---------+-------+---------+---------+-------
        D:1 |      27 |       0 |   0.0 |      13 |       0 |   0.0
        D:2 |      31 |       0 |   0.0 |       8 |       0 |   0.0
        D:3 |      86 |       0 |   0.0 |      18 |       0 |   0.0
        D:4 |     139 |       0 |   0.0 |      10 |       0 |   0.0
            +---------+---------+-------+---------+---------+-------
